Jets vs Flames
Created - June 5, 2022 at 21:29
Goals
|
| Jets |
3 |
3 |
2 |
8 |
| Flames |
2 |
0 |
2 |
4 |
|
Shots
|
| Jets |
11 |
15 |
14 |
40 |
| Flames |
18 |
10 |
15 |
43 |
|
1st period
1. Jets , Kyle Okposo 17 (Max Domi 27, Jeff Schultz 34) at 0:38
2. Jets , Eric Nystrom 4 (Noel Acciari 19, Alexander Wennberg 30) at 4:31
3. Flames , David Backes 35 (Eric Staal 50, Alexander Semin 35) at 11:10 (PP)
4. Flames , Eric Staal 36 (David Backes 56) at 14:01
5. Jets , Eric Nystrom 5 (Jake McCabe 20, Noel Acciari 20) at 14:31
Penalties :
Jordan Martinook (Win) for Delaying the game (Minor) at 8:14, Jordan Martinook (Win) for Charging (Minor) at 10:32
2nd period
6. Jets , Ryan Johansen 31 (Jeff Schultz 35, Viktor Arvidsson 35) at 8:00
7. Jets , Alexander Wennberg 17 (Kyle Okposo 26) at 8:16 (PP)
8. Jets , Alexander Wennberg 18 (Jordan Martinook 10, Pierre-Marc Bouchard 13) at 13:52
Penalties :
Jimmy Hayes (Cal) for Goalie Interference (Minor) at 8:15, Alexander Semin (Cal) for Hooking (Minor) at 11:35, Viktor Arvidsson (Win) for Tripping (Minor) at 17:42
3rd period
9. Flames , David Backes 36 (Eric Staal 51) at 1:14 (PP)
10. Jets , Jake McCabe 5 (Dougie Hamilton 33, Adam Henrique 34) at 3:23 (PP)
11. Flames , Alexander Semin 29 (David Backes 57, Eric Staal 52) at 3:54 (PP)
12. Jets , Eric Nystrom 6 (Iiro Pakarinen 1, Johnny Boychuk 11) at 17:18
Penalties :
Jason Zucker (Win) for Interference (Minor) at 1:09, Jimmy Hayes (Cal) for Holding (Minor) at 3:04, Jason Zucker (Win) for Hooking (Minor) at 3:37, Eric Staal (Cal) for Hooking (Minor) at 5:34
Goalie Stats
Marc-André Fleury (Win), 39 saves from 43 shots - (0.907), W, 13-16-3, 60:00 minutes
Christopher Gibson (Cal), 14 saves from 17 shots - (0.824), 31:44 minutes
Henrik Lundqvist (Cal), 18 saves from 23 shots - (0.783), L, 33-19-6, 28:16 minutes
Players Stats for Jets
Player Name G A P +/- PIM S H SB GA TA FO MP PP MP PK MP
------------------------------------------------------------------------------------
Adam Henrique 0 1 1 1 0 2 1 1 1 1 14/22 17:42 2:42 0:34
Alexander Wennberg 2 1 3 1 0 3 0 0 0 0 1/3 9:16 0:01 0:00
Brent Burns 0 0 0 1 0 1 4 2 0 2 0/0 22:49 2:02 3:05
Dougie Hamilton 0 1 1 2 0 2 1 2 0 0 0/0 22:55 2:16 0:12
Eric Nystrom 3 0 3 3 0 3 2 0 0 0 1/1 8:58 0:00 1:45
Iiro Pakarinen 0 1 1 3 0 2 0 0 0 0 0/0 7:13 0:00 0:00
Jake McCabe 1 1 2 2 0 1 1 0 1 0 0/0 14:41 2:16 0:00
Jason Zucker 0 0 0 0 4 2 3 0 0 0 1/2 23:14 2:42 0:47
Jeff Schultz 0 2 2 2 0 3 3 1 0 1 0/0 26:48 0:00 3:17
Johnny Boychuk 0 1 1 2 0 0 0 1 0 1 0/0 14:16 0:00 1:41
Jordan Martinook 0 1 1 1 4 1 1 0 0 0 0/1 10:54 0:00 1:34
Kyle Okposo 1 1 2 1 0 3 1 0 1 0 1/1 17:50 1:36 1:38
Marco Scandella 0 0 0 1 0 1 1 2 0 0 0/0 18:31 2:02 1:41
Max Domi 0 1 1 1 0 4 0 0 1 0 0/1 16:05 1:36 0:00
Noel Acciari 0 2 2 3 0 3 0 0 0 0 2/11 10:07 0:00 2:54
Pierre-Marc Bouchard 0 1 1 1 0 0 0 0 0 0 0/1 9:15 0:00 0:00
Ryan Johansen 1 0 1 0 0 4 1 1 0 0 16/32 22:02 1:35 0:44
Viktor Arvidsson 0 1 1 0 2 5 3 0 0 0 0/0 22:21 2:42 0:00
Players Stats for Flames
Player Name G A P +/- PIM S H SB GA TA FO MP PP MP PK MP
------------------------------------------------------------------------------------
Alexander Semin 1 1 2 -3 2 5 1 1 1 0 0/3 22:21 3:01 0:34
Anders Lee 0 0 0 -1 0 0 0 0 0 0 1/2 9:31 0:00 0:58
Brad Marchand 0 0 0 -1 0 0 1 0 0 0 0/0 14:28 0:00 0:42
Brendan Mikkelson 0 0 0 -2 0 0 0 2 1 1 0/0 21:42 1:43 2:10
Bryan Rust 0 0 0 0 0 0 0 0 0 0 1/1 12:14 0:05 2:31
Christian Folin 0 0 0 -1 0 1 0 0 0 0 0/0 14:55 0:00 2:08
Colby Robak 0 0 0 -1 0 1 0 0 0 0 0/0 14:29 0:00 1:42
Colin Wilson 0 0 0 0 0 2 0 0 0 0 4/5 9:46 0:08 0:00
David Backes 2 2 4 -3 0 7 3 0 0 1 0/0 21:40 2:59 0:00
David Ullstrom 0 0 0 -1 0 2 0 0 0 0 0/0 8:30 0:00 0:00
Eric Staal 1 3 4 -3 2 5 1 0 0 0 20/33 21:59 2:59 0:17
Erik Johnson 0 0 0 -2 0 3 2 3 0 1 0/0 28:18 3:15 2:36
Esa Lindell 0 0 0 -2 0 4 0 3 1 0 0/0 17:13 1:43 0:00
Jimmy Hayes 0 0 0 -1 4 1 3 0 1 0 0/1 15:44 1:54 0:00
Kyle Palmieri 0 0 0 -1 0 2 2 0 0 1 1/1 9:38 0:00 1:05
Patrik Berglund 0 0 0 -1 0 8 0 1 1 0 12/29 18:15 1:54 2:29
Sami Vatanen 0 0 0 -2 0 1 2 2 0 0 0/0 23:23 3:15 0:00
Tanner Pearson 0 0 0 0 0 1 1 0 0 0 0/0 11:32 1:54 0:00
3 Stars
1 - Eric Nystrom (Win)
2 - Alexander Wennberg (Win)
3 - Jake McCabe (Win)
Power Play
Jets - 2 on 4 Attempt(s) - 50.00%
Flames - 3 on 5 Attempt(s) - 60.00%
Penalty Kill
Jets - 2 on 5 Attempt(s) - 40.00%
- Score 0 goal in Penalty Kill
Flames - 2 on 4 Attempt(s) - 50.00%
- Score 0 goal in Penalty Kill
Team Stat
Jets - Hits : 22 - Faceoff Wins : 36 - Blocked Shots : 10 - Penalty Minutes : 10
Flames - Hits : 16 - Faceoff Wins : 39 - Blocked Shots : 12 - Penalty Minutes : 8
Official
Referees : Ghislain Hebert and Michael Markovic
Linesman : Matt MacPherson and Libor Suchanek
Game Notes
Christopher Gibson enters game at 8:16 of 2nd period
Eric Nystrom has scored a Hat Trick!
Finance
Level 1 -- Attendance: 6000 (100.00%) -- Ticket Income $600,000
Level 2 -- Attendance: 4854 (97.08%) -- Ticket Income $291,240
Level 3 -- Attendance: 2000 (100.00%) -- Ticket Income $70,000
Level 4 -- Attendance: 4000 (100.00%) -- Ticket Income $100,000
Luxury Box -- Attendance: 1000 (100.00%) -- Ticket Income $200,000
Game was played at the Scotiabank Saddledome.
Total Attendance: 17854 (99.19%)
Total Ticket Income: $1,261,240
Other Income: $189,186
Total Income: $1,450,426
Jets
5 vs 5 Forward
Center Left Wing Right Wing Time % Phy DF OF
1 Ryan Johansen Jason Zucker Viktor Arvidsson 40 1 2 2
2 Adam Henrique Max Domi Kyle Okposo 30 1 2 2
3 Alexander Wennberg Jordan Martinook Pierre-Marc Bouchard 20 1 2 2
4 Noel Acciari Eric Nystrom Iiro Pakarinen 10 1 2 2
5 vs 5 Defense
Defense Defense Time % Phy DF OF
1 Jeff Schultz Dougie Hamilton 40 1 2 2
2 Marco Scandella Brent Burns 30 1 2 2
3 Jake McCabe Johnny Boychuk 20 1 2 2
4 Jeff Schultz Brent Burns 10 1 2 2
PowerPlay Forward
Center Left Wing Right Wing Time % Phy DF OF
1 Adam Henrique Jason Zucker Viktor Arvidsson 60 0 0 5
2 Ryan Johansen Max Domi Kyle Okposo 40 0 0 5
PowerPlay Defense
Defense Defense Time % Phy DF OF
1 Jake McCabe Dougie Hamilton 60 0 1 4
2 Marco Scandella Brent Burns 40 0 1 4
Penalty Kill 4 Players Forward
Center Wing Time % Phy DF OF
1 Noel Acciari Jordan Martinook 60 0 4 1
2 Ryan Johansen Eric Nystrom 40 0 4 1
Penalty Kill 4 Players Defense
Defense Defense Time % Phy DF OF
1 Jeff Schultz Brent Burns 60 0 4 1
2 Marco Scandella Johnny Boychuk 40 0 4 1
Penalty Kill - 3 Players Forward
Forward Time % Phy DF OF
1 Adam Henrique 60 0 4 1
2 Ryan Johansen 40 0 4 1
Penalty Kill - 3 Players Defense
Defense Defense Time % Phy DF OF
1 Jeff Schultz Brent Burns 60 0 5 0
2 Marco Scandella Dougie Hamilton 40 0 5 0
4 vs 4 Forward
Center Wing Time % Phy DF OF
1 Adam Henrique Kyle Okposo 60 1 2 2
2 Ryan Johansen Max Domi 40 1 2 2
4 vs 4 Defense
Defense Defense Time % Phy DF OF
1 Jeff Schultz Brent Burns 60 1 2 2
2 Marco Scandella Dougie Hamilton 40 1 2 2
Last Minutes Offensive
Center Left Wing Right Wing Defense Defense
Ryan Johansen Max Domi Viktor Arvidsson Jeff Schultz Dougie Hamilton
Last Minutes Defensive
Center Left Wing Right Wing Defense Defense
Ryan Johansen Eric Nystrom Kyle Okposo Jeff Schultz Brent Burns
Goaltenders
Starting : Marc-André Fleury
Backup : Michal Neuvirth
Extra Forwards
Normal : Viktor Arvidsson, Max Domi, Alexander Wennberg - PP : Alexander Wennberg, Kyle Okposo - PK : Kyle Okposo
Extra Defensemen
Normal : Dougie Hamilton, Jake McCabe, Johnny Boychuk - PP : Dougie Hamilton - PK : Dougie Hamilton, Jake McCabe
Penalty Shots
Viktor Arvidsson, Ryan Johansen, Max Domi, Noel Acciari, Kyle Okposo
Scratches
None
Flames
5 vs 5 Forward
Center Left Wing Right Wing Time % Phy DF OF
1 Eric Staal Alexander Semin David Backes 40 1 2 2
2 Patrik Berglund Brad Marchand Jimmy Hayes 30 1 2 2
3 Colin Wilson Tanner Pearson Bryan Rust 20 1 2 2
4 Anders Lee David Ullstrom Kyle Palmieri 10 1 2 2
5 vs 5 Defense
Defense Defense Time % Phy DF OF
1 Erik Johnson Sami Vatanen 40 1 2 2
2 Esa Lindell Brendan Mikkelson 31 1 2 2
3 Colby Robak Christian Folin 22 1 2 2
4 Erik Johnson Brendan Mikkelson 7 1 2 2
PowerPlay Forward
Center Left Wing Right Wing Time % Phy DF OF
1 Eric Staal Alexander Semin David Backes 60 1 1 3
2 Patrik Berglund Tanner Pearson Jimmy Hayes 40 1 2 2
PowerPlay Defense
Defense Defense Time % Phy DF OF
1 Erik Johnson Sami Vatanen 60 1 1 3
2 Esa Lindell Brendan Mikkelson 40 1 2 2
Penalty Kill 4 Players Forward
Center Wing Time % Phy DF OF
1 Patrik Berglund Bryan Rust 60 1 2 2
2 Eric Staal Kyle Palmieri 40 1 2 2
Penalty Kill 4 Players Defense
Defense Defense Time % Phy DF OF
1 Erik Johnson Brendan Mikkelson 60 1 2 2
2 Colby Robak Christian Folin 40 1 2 2
Penalty Kill - 3 Players Forward
Forward Time % Phy DF OF
1 Eric Staal 60 1 2 2
2 Patrik Berglund 40 1 2 2
Penalty Kill - 3 Players Defense
Defense Defense Time % Phy DF OF
1 Erik Johnson Brendan Mikkelson 60 1 2 2
2 Colby Robak Christian Folin 40 1 2 2
4 vs 4 Forward
Center Wing Time % Phy DF OF
1 Patrik Berglund David Backes 60 1 2 2
2 Eric Staal Alexander Semin 40 1 2 2
4 vs 4 Defense
Defense Defense Time % Phy DF OF
1 Erik Johnson Sami Vatanen 60 1 2 2
2 Esa Lindell Brendan Mikkelson 40 1 2 2
Last Minutes Offensive
Center Left Wing Right Wing Defense Defense
Eric Staal Alexander Semin David Backes Erik Johnson Sami Vatanen
Last Minutes Defensive
Center Left Wing Right Wing Defense Defense
Eric Staal Alexander Semin David Backes Erik Johnson Sami Vatanen
Goaltenders
Starting : Henrik Lundqvist
Backup : Christopher Gibson
Extra Forwards
Normal : Alexander Semin, Bryan Rust, Colin Wilson - PP : Tanner Pearson, Colin Wilson - PK : Alexander Semin
Extra Defensemen
Normal : Esa Lindell, Christian Folin, Brendan Mikkelson - PP : Esa Lindell - PK : Christian Folin, Brendan Mikkelson
Penalty Shots
Eric Staal, Alexander Semin, Tanner Pearson, Patrik Berglund, David Backes
Scratches
David Savard (Healthy), Tyler Shattock (Healthy), Vladimir Sobotka (Healthy)
% Time on Ice - Jets
Lines # - Real PCT - Wanted PCT - Time Play
Normal Forward
1 - 39% - 40% - 19:47
2 - 29% - 30% - 14:29
3 - 18% - 20% - 9:15
4 - 14% - 10% - 7:13
Normal Defense
1 - 40% - 40% - 20:27
2 - 29% - 30% - 14:48
3 - 24% - 20% - 12:25
4 - 6% - 10% - 3:04
PP Forward
1 - 63% - 60% - 2:42
2 - 37% - 40% - 1:36
PP Defense
1 - 53% - 60% - 2:16
2 - 47% - 40% - 2:02
PK Forward
1 - 85% - 60% - 4:14
2 - 15% - 40% - 0:44
PK Defense
1 - 66% - 60% - 3:17
2 - 34% - 40% - 1:41
PK3 Forward
1 - 0% - 60%
2 - 0% - 40%
PK3 Defense
1 - 0% - 60%
2 - 0% - 40%
44 Forward
1 - 0% - 60%
2 - 0% - 40%
44 Defense
1 - 0% - 60%
2 - 0% - 40%
Last Minute Offensive - 0:00
Last Minute Defensive - 0:00
Total
Forward - 60:00
Defense - 60:00
|
% Time on Ice - Flames
Lines # - Real PCT - Wanted PCT - Time Play
Normal Forward
1 - 37% - 40% - 18:47
2 - 27% - 30% - 13:55
3 - 19% - 20% - 9:32
4 - 17% - 10% - 8:30
Normal Defense
1 - 40% - 40% - 20:26
2 - 31% - 31% - 15:30
3 - 25% - 22% - 12:47
4 - 4% - 7% - 2:01
PP Forward
1 - 62% - 60% - 3:04
2 - 38% - 40% - 1:54
PP Defense
1 - 65% - 60% - 3:15
2 - 35% - 40% - 1:43
PK Forward
1 - 75% - 60% - 3:13
2 - 25% - 40% - 1:05
PK Defense
1 - 60% - 60% - 2:36
2 - 40% - 40% - 1:42
PK3 Forward
1 - 0% - 60%
2 - 0% - 40%
PK3 Defense
1 - 0% - 60%
2 - 0% - 40%
44 Forward
1 - 0% - 60%
2 - 0% - 40%
44 Defense
1 - 0% - 60%
2 - 0% - 40%
Last Minute Offensive - 0:00
Last Minute Defensive - 0:00
Total
Forward - 60:00
Defense - 60:00
|
Play-by-Play
1st period
0:01 of 1st period - Eric Staal wins face-off versus Ryan Johansen in neutral zone.
0:36 of 1st period - Wrist shot by Max Domi.
0:36 of 1st period - Shot Blocked by Esa Lindell.
0:38 of 1st period - Wrist shot by Kyle Okposo.
0:38 of 1st period - Goal by Kyle Okposo - Jets : 1 - Flames : 0.
0:39 of 1st period - Bryan Rust wins face-off versus Alexander Wennberg in neutral zone.
1:14 of 1st period - Snap shot by Anders Lee.
1:14 of 1st period - Deflect By Marco Scandella.
1:14 of 1st period - Shot Blocked by Brent Burns.
1:14 of 1st period - Puck is out of play.
1:15 of 1st period - Ryan Johansen wins face-off versus Eric Staal in Jets zone.
1:20 of 1st period - Backhand shot by Jason Zucker.
1:20 of 1st period - Stopped by Henrik Lundqvist without a rebound.
1:21 of 1st period - Ryan Johansen wins face-off versus Eric Staal in Flames zone.
1:54 of 1st period - Slapshot by Kyle Okposo.
1:54 of 1st period - Deflect By Max Domi.
1:54 of 1st period - Shot Misses the Net.
1:54 of 1st period - Puck is out of play.
1:55 of 1st period - Adam Henrique wins face-off versus Patrik Berglund in Flames zone.
2:02 of 1st period - Snap shot by Adam Henrique.
2:02 of 1st period - Shot Misses the Net.
2:08 of 1st period - Snap shot by Patrik Berglund.
2:08 of 1st period - Stopped by Marc-André Fleury with a rebound.
2:10 of 1st period - Snap shot by Jimmy Hayes.
2:10 of 1st period - Shot Misses the Net.
2:12 of 1st period - Wrist shot by Brad Marchand.
2:12 of 1st period - Shot Blocked by Adam Henrique.
2:14 of 1st period - Slapshot by Patrik Berglund.
2:14 of 1st period - Shot Hit the Post.
2:16 of 1st period - Slapshot by Erik Johnson.
2:16 of 1st period - Stopped by Marc-André Fleury without a rebound.
2:17 of 1st period - Ryan Johansen wins face-off versus Eric Staal in Jets zone.
2:44 of 1st period - Erik Johnson is hit by Jeff Schultz and loses puck.
2:51 of 1st period - Slapshot by Colin Wilson.
2:51 of 1st period - Stopped by Marc-André Fleury without a rebound.
2:52 of 1st period - Anders Lee wins face-off versus Noel Acciari in Jets zone.
2:55 of 1st period - Backhand shot by Anders Lee.
2:55 of 1st period - Shot Misses the Net.
3:26 of 1st period - Christian Folin is hit by Jason Zucker and loses puck.
3:43 of 1st period - Wrist shot by Alexander Semin.
3:43 of 1st period - Stopped by Marc-André Fleury with a rebound.
4:23 of 1st period - Snap shot by Alexander Wennberg.
4:23 of 1st period - Shot Misses the Net.
4:27 of 1st period - Slapshot by Eric Nystrom.
4:27 of 1st period - Shot Blocked by Erik Johnson.
4:29 of 1st period - Snap shot by Noel Acciari.
4:29 of 1st period - Stopped by Henrik Lundqvist with a rebound.
4:31 of 1st period - Snap shot by Eric Nystrom.
4:31 of 1st period - Goal by Eric Nystrom - Jets : 2 - Flames : 0.
4:32 of 1st period - Ryan Johansen wins face-off versus Eric Staal in neutral zone.
4:39 of 1st period - Sami Vatanen is hit by Viktor Arvidsson and loses puck.
4:45 of 1st period - Icing by Erik Johnson.
4:46 of 1st period - Eric Staal wins face-off versus Max Domi in Flames zone.
4:59 of 1st period - Wrist shot by Eric Staal.
4:59 of 1st period - Shot Misses the Net.
5:05 of 1st period - Snap shot by Alexander Semin.
5:05 of 1st period - Stopped by Marc-André Fleury with a rebound.
5:25 of 1st period - Slapshot by Patrik Berglund.
5:25 of 1st period - Stopped by Marc-André Fleury without a rebound.
5:26 of 1st period - Patrik Berglund wins face-off versus Ryan Johansen in Jets zone.
6:39 of 1st period - Wrist shot by Iiro Pakarinen.
6:39 of 1st period - Shot Misses the Net.
6:41 of 1st period - Wrist shot by Iiro Pakarinen.
6:41 of 1st period - Stopped by Henrik Lundqvist with a rebound.
6:43 of 1st period - Slapshot by Noel Acciari.
6:43 of 1st period - Stopped by Henrik Lundqvist with a rebound.
6:45 of 1st period - Wrist shot by Johnny Boychuk.
6:45 of 1st period - Shot Misses the Net.
6:47 of 1st period - Snap shot by Eric Nystrom.
6:47 of 1st period - Deflect By Noel Acciari.
6:47 of 1st period - Shot Misses the Net.
6:47 of 1st period - Puck is out of play.
6:48 of 1st period - Patrik Berglund wins face-off versus Ryan Johansen in Flames zone.
7:03 of 1st period - Slapshot by Jimmy Hayes.
7:03 of 1st period - Shot Misses the Net.
7:26 of 1st period - Snap shot by Kyle Okposo.
7:26 of 1st period - Deflect By Adam Henrique.
7:26 of 1st period - Shot Misses the Net.
7:26 of 1st period - Puck is out of play.
7:27 of 1st period - Colin Wilson wins face-off versus Alexander Wennberg in Flames zone.
7:53 of 1st period - Jordan Martinook is hit by Sami Vatanen and loses puck.
8:14 of 1st period - Minor Penalty to Jordan Martinook for Delaying the game.
8:15 of 1st period - Eric Staal wins face-off versus Noel Acciari in Jets zone.
8:20 of 1st period - Slapshot by David Backes.
8:20 of 1st period - Shot Misses the Net.
10:14 of 1st period - Penalty to Jordan Martinook is over, Jordan Martinook is back on ice.
10:32 of 1st period - Minor Penalty to Jordan Martinook for Charging.
10:33 of 1st period - Patrik Berglund wins face-off versus Noel Acciari in Jets zone.
10:40 of 1st period - Wrist shot by Patrik Berglund.
10:40 of 1st period - Stopped by Marc-André Fleury with a rebound.
10:42 of 1st period - Slapshot by Sami Vatanen.
10:42 of 1st period - Shot Blocked by Jeff Schultz.
10:44 of 1st period - Backhand shot by Patrik Berglund.
10:44 of 1st period - Stopped by Marc-André Fleury without a rebound.
10:45 of 1st period - Ryan Johansen wins face-off versus Eric Staal in Jets zone.
10:54 of 1st period - Slapshot by Erik Johnson.
10:54 of 1st period - Stopped by Marc-André Fleury without a rebound.
10:55 of 1st period - Noel Acciari wins face-off versus Eric Staal in Jets zone.
11:08 of 1st period - Snap shot by David Backes.
11:08 of 1st period - Shot Misses the Net.
11:10 of 1st period - Slapshot by David Backes.
11:10 of 1st period - Goal by David Backes - Jets : 2 - Flames : 1.
11:11 of 1st period - Patrik Berglund wins face-off versus Ryan Johansen in neutral zone.
11:15 of 1st period - Sami Vatanen is hit by Jeff Schultz and loses puck.
12:48 of 1st period - Wrist shot by Patrik Berglund.
12:48 of 1st period - Stopped by Marc-André Fleury with a rebound.
13:35 of 1st period - Wrist shot by Max Domi.
13:35 of 1st period - Stopped by Henrik Lundqvist without a rebound.
13:36 of 1st period - Colin Wilson wins face-off versus Adam Henrique in Flames zone.
13:38 of 1st period - Icing by Erik Johnson.
13:39 of 1st period - Colin Wilson wins face-off versus Adam Henrique in Flames zone.
13:52 of 1st period - Snap shot by Tanner Pearson.
13:52 of 1st period - Stopped by Marc-André Fleury without a rebound.
13:53 of 1st period - Ryan Johansen wins face-off versus Alexander Semin in Jets zone.
13:53 of 1st period - Ryan Johansen is hit by Eric Staal.
13:59 of 1st period - Slapshot by Eric Staal.
13:59 of 1st period - Shot Blocked by Ryan Johansen.
14:01 of 1st period - Snap shot by Eric Staal.
14:01 of 1st period - Goal by Eric Staal - Jets : 2 - Flames : 2.
14:02 of 1st period - Ryan Johansen wins face-off versus Eric Staal in neutral zone.
14:17 of 1st period - Snap shot by Ryan Johansen.
14:17 of 1st period - Shot Misses the Net.
14:19 of 1st period - Backhand shot by Ryan Johansen.
14:19 of 1st period - Stopped by Henrik Lundqvist with a rebound.
14:29 of 1st period - Snap shot by Noel Acciari.
14:29 of 1st period - Stopped by Henrik Lundqvist with a rebound.
14:31 of 1st period - Slapshot by Jake McCabe.
14:31 of 1st period - Deflect By Eric Nystrom.
14:31 of 1st period - Goal by Eric Nystrom - Jets : 3 - Flames : 2.
14:32 of 1st period - Ryan Johansen wins face-off versus Patrik Berglund in neutral zone.
14:59 of 1st period - Brad Marchand is hit by Eric Nystrom and loses puck.
15:08 of 1st period - Wrist shot by Eric Nystrom.
15:08 of 1st period - Shot Misses the Net.
15:22 of 1st period - Wrist shot by Patrik Berglund.
15:22 of 1st period - Shot Misses the Net.
15:40 of 1st period - Slapshot by Sami Vatanen.
15:40 of 1st period - Deflect By Patrik Berglund.
15:40 of 1st period - Stopped by Marc-André Fleury without a rebound.
15:41 of 1st period - Eric Staal wins face-off versus Ryan Johansen in Jets zone.
15:52 of 1st period - Slapshot by Eric Staal.
15:52 of 1st period - Shot Hit the Post.
15:54 of 1st period - Slapshot by Esa Lindell.
15:54 of 1st period - Stopped by Marc-André Fleury without a rebound.
15:55 of 1st period - Eric Staal wins face-off versus Ryan Johansen in Jets zone.
16:49 of 1st period - Snap shot by Kyle Palmieri.
16:49 of 1st period - Stopped by Marc-André Fleury with a rebound.
16:51 of 1st period - Slapshot by Anders Lee.
16:51 of 1st period - Shot Misses the Net.
17:09 of 1st period - Snap shot by David Backes.
17:09 of 1st period - Stopped by Marc-André Fleury with a rebound.
17:23 of 1st period - Snap shot by Viktor Arvidsson.
17:23 of 1st period - Stopped by Henrik Lundqvist with a rebound.
17:31 of 1st period - Brent Burns is hit by Jimmy Hayes and loses puck.
17:42 of 1st period - Slapshot by Viktor Arvidsson.
17:42 of 1st period - Shot Misses the Net.
18:42 of 1st period - Jake McCabe is hit by Jimmy Hayes and loses puck.
19:18 of 1st period - Bryan Rust is hit by Eric Nystrom and loses puck.
19:39 of 1st period - Slapshot by Colin Wilson.
19:39 of 1st period - Stopped by Marc-André Fleury without a rebound.
19:40 of 1st period - Eric Staal wins face-off versus Ryan Johansen in Jets zone.
Goals for this period are 3 for Jets vs 2 for Flames.
Shots for this period are 11 for Jets vs 18 for Flames.
2nd period
0:01 of 2nd period - Eric Staal wins face-off versus Ryan Johansen in neutral zone.
0:26 of 2nd period - Patrik Berglund is hit by Brent Burns and loses puck.
0:44 of 2nd period - Icing by Patrik Berglund.
0:45 of 2nd period - Colin Wilson wins face-off versus Jordan Martinook in Flames zone.
1:57 of 2nd period - Slapshot by Jeff Schultz.
1:57 of 2nd period - Stopped by Henrik Lundqvist without a rebound.
1:58 of 2nd period - Adam Henrique wins face-off versus Anders Lee in Flames zone.
2:15 of 2nd period - Kyle Okposo is hit by Kyle Palmieri and loses puck.
2:30 of 2nd period - Snap shot by David Ullstrom.
2:30 of 2nd period - Stopped by Marc-André Fleury without a rebound.
2:31 of 2nd period - Ryan Johansen wins face-off versus Eric Staal in Jets zone.
3:00 of 2nd period - Patrik Berglund is hit by Jordan Martinook and loses puck.
3:21 of 2nd period - Snap shot by Adam Henrique.
3:21 of 2nd period - Stopped by Henrik Lundqvist with a rebound.
3:23 of 2nd period - Snap shot by Kyle Okposo.
3:23 of 2nd period - Stopped by Henrik Lundqvist without a rebound.
3:24 of 2nd period - Eric Staal wins face-off versus Adam Henrique in Flames zone.
3:35 of 2nd period - Snap shot by David Backes.
3:35 of 2nd period - Stopped by Marc-André Fleury with a rebound.
3:37 of 2nd period - Wrist shot by David Backes.
3:37 of 2nd period - Shot Misses the Net.
3:39 of 2nd period - Snap shot by Eric Staal.
3:39 of 2nd period - Stopped by Marc-André Fleury with a rebound.
3:41 of 2nd period - Slapshot by Esa Lindell.
3:41 of 2nd period - Deflect By Kyle Okposo.
3:41 of 2nd period - Stopped by Marc-André Fleury without a rebound.
3:42 of 2nd period - Ryan Johansen wins face-off versus Patrik Berglund in Jets zone.
3:53 of 2nd period - Esa Lindell is hit by Jason Zucker and loses puck.
4:08 of 2nd period - Adam Henrique is hit by David Backes and loses puck.
4:21 of 2nd period - Backhand shot by Alexander Semin.
4:21 of 2nd period - Shot Misses the Net.
4:31 of 2nd period - Johnny Boychuk is hit by Kyle Palmieri and loses puck.
5:05 of 2nd period - Wrist shot by Jason Zucker.
5:05 of 2nd period - Stopped by Henrik Lundqvist without a rebound.
5:06 of 2nd period - Eric Staal wins face-off versus Ryan Johansen in Flames zone.
5:13 of 2nd period - Slapshot by Erik Johnson.
5:13 of 2nd period - Stopped by Marc-André Fleury with a rebound.
5:16 of 2nd period - Icing by Ryan Johansen.
5:17 of 2nd period - Ryan Johansen wins face-off versus Eric Staal in Jets zone.
5:17 of 2nd period - Ryan Johansen is hit by Erik Johnson.
5:47 of 2nd period - Slapshot by Ryan Johansen.
5:47 of 2nd period - Shot Blocked by Erik Johnson.
5:49 of 2nd period - Slapshot by Jason Zucker.
5:49 of 2nd period - Shot Misses the Net.
6:01 of 2nd period - Wrist shot by Viktor Arvidsson.
6:01 of 2nd period - Shot Misses the Net.
6:03 of 2nd period - Snap shot by Viktor Arvidsson.
6:03 of 2nd period - Shot Misses the Net.
6:05 of 2nd period - Slapshot by Dougie Hamilton.
6:05 of 2nd period - Shot Misses the Net.
6:31 of 2nd period - Snap shot by Jason Zucker.
6:31 of 2nd period - Shot Misses the Net.
6:46 of 2nd period - Backhand shot by Viktor Arvidsson.
6:46 of 2nd period - Shot Blocked by Alexander Semin.
6:48 of 2nd period - Snap shot by Viktor Arvidsson.
6:48 of 2nd period - Shot Misses the Net.
7:15 of 2nd period - Wrist shot by Ryan Johansen.
7:15 of 2nd period - Shot Misses the Net.
7:17 of 2nd period - Snap shot by Viktor Arvidsson.
7:17 of 2nd period - Shot Misses the Net.
7:25 of 2nd period - Wrist shot by Viktor Arvidsson.
7:25 of 2nd period - Stopped by Henrik Lundqvist with a rebound.
7:27 of 2nd period - Wrist shot by Viktor Arvidsson.
7:27 of 2nd period - Shot Misses the Net.
7:29 of 2nd period - Snap shot by Viktor Arvidsson.
7:29 of 2nd period - Shot Misses the Net.
7:31 of 2nd period - Snap shot by Ryan Johansen.
7:31 of 2nd period - Stopped by Henrik Lundqvist with a rebound.
7:33 of 2nd period - Slapshot by Jeff Schultz.
7:33 of 2nd period - Stopped by Henrik Lundqvist with a rebound.
7:56 of 2nd period - Snap shot by Viktor Arvidsson.
7:56 of 2nd period - Stopped by Henrik Lundqvist with a rebound.
7:58 of 2nd period - Snap shot by Jeff Schultz.
7:58 of 2nd period - Shot Blocked by Sami Vatanen.
8:00 of 2nd period - Wrist shot by Ryan Johansen.
8:00 of 2nd period - Goal by Ryan Johansen - Jets : 4 - Flames : 2.
8:01 of 2nd period - Adam Henrique wins face-off versus Jimmy Hayes in neutral zone.
8:04 of 2nd period - Slapshot by Brent Burns.
8:04 of 2nd period - Stopped by Henrik Lundqvist with a rebound.
8:06 of 2nd period - Snap shot by Adam Henrique.
8:06 of 2nd period - Shot Blocked by Brendan Mikkelson.
8:08 of 2nd period - Slapshot by Marco Scandella.
8:08 of 2nd period - Stopped by Henrik Lundqvist without a rebound.
8:09 of 2nd period - Adam Henrique wins face-off versus Patrik Berglund in Flames zone.
8:15 of 2nd period - Minor Penalty to Jimmy Hayes for Goalie Interference.
8:16 of 2nd period - Kyle Okposo wins face-off versus Patrik Berglund in Flames zone.
8:16 of 2nd period - Wrist shot by Alexander Wennberg.
8:16 of 2nd period - Goal by Alexander Wennberg - Jets : 5 - Flames : 2.
8:16 of 2nd period - Christopher Gibson enters game.
8:17 of 2nd period - Patrik Berglund wins face-off versus Adam Henrique in neutral zone.
8:21 of 2nd period - Off-side.
8:22 of 2nd period - Patrik Berglund wins face-off versus Adam Henrique in neutral zone.
8:31 of 2nd period - Snap shot by Adam Henrique.
8:31 of 2nd period - Deflect By Kyle Okposo.
8:31 of 2nd period - Shot Misses the Net.
8:31 of 2nd period - Puck is out of play.
8:32 of 2nd period - Adam Henrique wins face-off versus Patrik Berglund in Flames zone.
10:29 of 2nd period - Wrist shot by Esa Lindell.
10:29 of 2nd period - Stopped by Marc-André Fleury with a rebound.
11:35 of 2nd period - Minor Penalty to Alexander Semin for Hooking.
11:36 of 2nd period - Adam Henrique wins face-off versus Patrik Berglund in Flames zone.
13:35 of 2nd period - Penalty to Alexander Semin is over, Alexander Semin is back on ice.
13:44 of 2nd period - Slapshot by Jordan Martinook.
13:44 of 2nd period - Shot Blocked by Esa Lindell.
13:52 of 2nd period - Snap shot by Alexander Wennberg.
13:52 of 2nd period - Goal by Alexander Wennberg - Jets : 6 - Flames : 2.
13:53 of 2nd period - Patrik Berglund wins face-off versus Pierre-Marc Bouchard in neutral zone.
14:20 of 2nd period - Jeff Schultz is hit by Erik Johnson and loses puck.
14:55 of 2nd period - Wrist shot by Eric Staal.
14:55 of 2nd period - Stopped by Marc-André Fleury without a rebound.
14:56 of 2nd period - Patrik Berglund wins face-off versus Ryan Johansen in Jets zone.
15:27 of 2nd period - Off-side.
15:28 of 2nd period - Eric Staal wins face-off versus Adam Henrique in neutral zone.
15:43 of 2nd period - Snap shot by Kyle Okposo.
15:43 of 2nd period - Stopped by Christopher Gibson without a rebound.
15:44 of 2nd period - Patrik Berglund wins face-off versus Ryan Johansen in Flames zone.
16:56 of 2nd period - Snap shot by Viktor Arvidsson.
16:56 of 2nd period - Stopped by Christopher Gibson without a rebound.
16:57 of 2nd period - Kyle Palmieri wins face-off versus Ryan Johansen in Flames zone.
16:57 of 2nd period - Kyle Palmieri is hit by Jason Zucker.
17:03 of 2nd period - Anders Lee is hit by Marco Scandella and loses puck.
17:22 of 2nd period - Brendan Mikkelson is hit by Brent Burns and loses puck.
17:42 of 2nd period - Minor Penalty to Viktor Arvidsson for Tripping.
17:43 of 2nd period - Eric Staal wins face-off versus Noel Acciari in Jets zone.
17:45 of 2nd period - Wrist shot by Alexander Semin.
17:45 of 2nd period - Stopped by Marc-André Fleury without a rebound.
17:46 of 2nd period - Eric Staal wins face-off versus Noel Acciari in Jets zone.
18:01 of 2nd period - Snap shot by David Backes.
18:01 of 2nd period - Stopped by Marc-André Fleury with a rebound.
18:03 of 2nd period - Wrist shot by Sami Vatanen.
18:03 of 2nd period - Stopped by Marc-André Fleury without a rebound.
18:04 of 2nd period - Patrik Berglund wins face-off versus Noel Acciari in Jets zone.
19:42 of 2nd period - Penalty to Viktor Arvidsson is over, Viktor Arvidsson is back on ice.
Goals for this period are 3 for Jets vs 0 for Flames.
Shots for this period are 15 for Jets vs 10 for Flames.
3rd period
0:01 of 3rd period - Jason Zucker wins face-off versus Patrik Berglund in neutral zone.
0:12 of 3rd period - Snap shot by Ryan Johansen.
0:12 of 3rd period - Shot Misses the Net.
0:26 of 3rd period - Alexander Semin is hit by Kyle Okposo and loses puck.
0:51 of 3rd period - Brent Burns is hit by Sami Vatanen and loses puck.
0:56 of 3rd period - Snap shot by Colin Wilson.
0:56 of 3rd period - Deflect By Tanner Pearson.
0:56 of 3rd period - Shot Blocked by Brent Burns.
0:56 of 3rd period - Puck is out of play.
0:57 of 3rd period - Patrik Berglund wins face-off versus Jason Zucker in Jets zone.
1:00 of 3rd period - Snap shot by Jimmy Hayes.
1:00 of 3rd period - Stopped by Marc-André Fleury with a rebound.
1:02 of 3rd period - Snap shot by Patrik Berglund.
1:02 of 3rd period - Shot Blocked by Dougie Hamilton.
1:04 of 3rd period - Snap shot by Jimmy Hayes.
1:04 of 3rd period - Shot Blocked by Dougie Hamilton.
1:09 of 3rd period - Minor Penalty to Jason Zucker for Interference.
1:10 of 3rd period - Eric Staal wins face-off versus Noel Acciari in Jets zone.
1:14 of 3rd period - Wrist shot by David Backes.
1:14 of 3rd period - Goal by David Backes - Jets : 6 - Flames : 3.
1:15 of 3rd period - Ryan Johansen wins face-off versus Patrik Berglund in neutral zone.
1:31 of 3rd period - Esa Lindell is hit by Viktor Arvidsson and loses puck.
2:05 of 3rd period - Slapshot by Dougie Hamilton.
2:05 of 3rd period - Shot Misses the Net.
2:13 of 3rd period - Colin Wilson is hit by Jeff Schultz and loses puck.
2:44 of 3rd period - Slapshot by David Ullstrom.
2:44 of 3rd period - Stopped by Marc-André Fleury without a rebound.
2:45 of 3rd period - Adam Henrique wins face-off versus Patrik Berglund in Jets zone.
2:45 of 3rd period - Adam Henrique is hit by Brad Marchand.
2:53 of 3rd period - Backhand shot by Adam Henrique.
2:53 of 3rd period - Shot Blocked by Erik Johnson.
3:04 of 3rd period - Minor Penalty to Jimmy Hayes for Holding.
3:05 of 3rd period - Adam Henrique wins face-off versus Patrik Berglund in Flames zone.
3:05 of 3rd period - Wrist shot by Viktor Arvidsson.
3:05 of 3rd period - Shot Misses the Net.
3:07 of 3rd period - Slapshot by Adam Henrique.
3:07 of 3rd period - Stopped by Christopher Gibson without a rebound.
3:08 of 3rd period - Adam Henrique wins face-off versus Patrik Berglund in Flames zone.
3:21 of 3rd period - Slapshot by Dougie Hamilton.
3:21 of 3rd period - Shot Blocked by Brendan Mikkelson.
3:23 of 3rd period - Snap shot by Jake McCabe.
3:23 of 3rd period - Goal by Jake McCabe - Jets : 7 - Flames : 3.
3:24 of 3rd period - Ryan Johansen wins face-off versus Patrik Berglund in neutral zone.
3:37 of 3rd period - Minor Penalty to Jason Zucker for Hooking.
3:38 of 3rd period - Eric Staal wins face-off versus Noel Acciari in Jets zone.
3:42 of 3rd period - Wrist shot by Eric Staal.
3:42 of 3rd period - Stopped by Marc-André Fleury without a rebound.
3:43 of 3rd period - Eric Staal wins face-off versus Noel Acciari in Jets zone.
3:48 of 3rd period - Wrist shot by David Backes.
3:48 of 3rd period - Shot Misses the Net.
3:52 of 3rd period - Wrist shot by David Backes.
3:52 of 3rd period - Shot Misses the Net.
3:54 of 3rd period - Wrist shot by Alexander Semin.
3:54 of 3rd period - Goal by Alexander Semin - Jets : 7 - Flames : 4.
3:55 of 3rd period - Eric Staal wins face-off versus Ryan Johansen in neutral zone.
4:09 of 3rd period - Off-side.
4:10 of 3rd period - Adam Henrique wins face-off versus Patrik Berglund in neutral zone.
5:22 of 3rd period - Wrist shot by Dougie Hamilton.
5:22 of 3rd period - Stopped by Christopher Gibson with a rebound.
5:30 of 3rd period - Snap shot by Iiro Pakarinen.
5:30 of 3rd period - Stopped by Christopher Gibson without a rebound.
5:31 of 3rd period - Eric Staal wins face-off versus Adam Henrique in Flames zone.
5:31 of 3rd period - Eric Staal is hit by Adam Henrique.
5:34 of 3rd period - Minor Penalty to Eric Staal for Hooking.
5:35 of 3rd period - Adam Henrique wins face-off versus Patrik Berglund in Flames zone.
6:10 of 3rd period - Backhand shot by Ryan Johansen.
6:10 of 3rd period - Stopped by Christopher Gibson with a rebound.
6:12 of 3rd period - Snap shot by Max Domi.
6:12 of 3rd period - Deflect By Erik Johnson.
6:12 of 3rd period - Stopped by Christopher Gibson with a rebound.
6:21 of 3rd period - Off-side.
6:22 of 3rd period - Adam Henrique wins face-off versus Alexander Semin in neutral zone.
7:34 of 3rd period - Penalty to Eric Staal is over, Eric Staal is back on ice.
7:46 of 3rd period - Wrist shot by David Backes.
7:46 of 3rd period - Stopped by Marc-André Fleury with a rebound.
7:48 of 3rd period - Slapshot by Brendan Mikkelson.
7:48 of 3rd period - Deflect By David Backes.
7:48 of 3rd period - Stopped by Marc-André Fleury with a rebound.
8:03 of 3rd period - Colby Robak is hit by Brent Burns and loses puck.
8:13 of 3rd period - Icing by Eric Nystrom.
8:14 of 3rd period - Eric Nystrom wins face-off versus Colin Wilson in Jets zone.
8:21 of 3rd period - Slapshot by Dougie Hamilton.
8:21 of 3rd period - Stopped by Christopher Gibson with a rebound.
8:27 of 3rd period - Viktor Arvidsson is hit by Tanner Pearson and loses puck.
8:40 of 3rd period - Johnny Boychuk is hit by David Backes and loses puck.
8:53 of 3rd period - Slapshot by Eric Staal.
8:53 of 3rd period - Stopped by Marc-André Fleury with a rebound.
9:09 of 3rd period - Wrist shot by Jimmy Hayes.
9:09 of 3rd period - Shot Blocked by Johnny Boychuk.
9:11 of 3rd period - Slapshot by Christian Folin.
9:11 of 3rd period - Stopped by Marc-André Fleury without a rebound.
9:12 of 3rd period - Ryan Johansen wins face-off versus Eric Staal in Jets zone.
9:23 of 3rd period - Snap shot by Viktor Arvidsson.
9:23 of 3rd period - Stopped by Christopher Gibson with a rebound.
9:25 of 3rd period - Slapshot by Jeff Schultz.
9:25 of 3rd period - Stopped by Christopher Gibson with a rebound.
9:27 of 3rd period - Slapshot by Jeff Schultz.
9:27 of 3rd period - Deflect By Ryan Johansen.
9:27 of 3rd period - Shot Misses the Net.
9:27 of 3rd period - Puck is out of play.
9:28 of 3rd period - Alexander Wennberg wins face-off versus Patrik Berglund in Flames zone.
9:50 of 3rd period - Icing by Erik Johnson.
9:51 of 3rd period - Eric Staal wins face-off versus Ryan Johansen in Flames zone.
10:00 of 3rd period - Slapshot by Alexander Semin.
10:00 of 3rd period - Stopped by Marc-André Fleury without a rebound.
10:01 of 3rd period - Ryan Johansen wins face-off versus Eric Staal in Jets zone.
10:01 of 3rd period - Ryan Johansen is hit by Alexander Semin.
10:56 of 3rd period - Sami Vatanen is hit by Dougie Hamilton and loses puck.
11:01 of 3rd period - Slapshot by Dougie Hamilton.
11:01 of 3rd period - Shot Hit the Post.
11:31 of 3rd period - Erik Johnson is hit by Ryan Johansen and loses puck.
11:58 of 3rd period - Wrist shot by Anders Lee.
11:58 of 3rd period - Shot Misses the Net.
12:00 of 3rd period - Snap shot by Esa Lindell.
12:00 of 3rd period - Shot Blocked by Marco Scandella.
12:08 of 3rd period - Snap shot by Kyle Palmieri.
12:08 of 3rd period - Shot Blocked by Marco Scandella.
12:10 of 3rd period - Slapshot by Esa Lindell.
12:10 of 3rd period - Stopped by Marc-André Fleury with a rebound.
12:12 of 3rd period - Slapshot by Brendan Mikkelson.
12:12 of 3rd period - Deflect By Kyle Palmieri.
12:12 of 3rd period - Stopped by Marc-André Fleury with a rebound.
12:35 of 3rd period - Wrist shot by Jason Zucker.
12:35 of 3rd period - Shot Misses the Net.
12:53 of 3rd period - Slapshot by Kyle Palmieri.
12:53 of 3rd period - Shot Misses the Net.
13:59 of 3rd period - Wrist shot by David Ullstrom.
13:59 of 3rd period - Shot Misses the Net.
14:01 of 3rd period - Slapshot by Colby Robak.
14:01 of 3rd period - Stopped by Marc-André Fleury without a rebound.
14:02 of 3rd period - Adam Henrique wins face-off versus Eric Staal in Jets zone.
14:02 of 3rd period - Adam Henrique is hit by David Backes.
15:28 of 3rd period - Brent Burns is hit by Jimmy Hayes and loses puck.
15:48 of 3rd period - Tanner Pearson is hit by Brent Burns and loses puck.
16:05 of 3rd period - Colin Wilson is hit by Jake McCabe and loses puck.
16:27 of 3rd period - Off-side.
16:28 of 3rd period - Noel Acciari wins face-off versus Alexander Semin in neutral zone.
16:43 of 3rd period - Snap shot by Eric Staal.
16:43 of 3rd period - Shot Misses the Net.
17:14 of 3rd period - Snap shot by Iiro Pakarinen.
17:14 of 3rd period - Shot Misses the Net.
17:18 of 3rd period - Slapshot by Eric Nystrom.
17:18 of 3rd period - Goal by Eric Nystrom - Jets : 8 - Flames : 4.
17:19 of 3rd period - Patrik Berglund wins face-off versus Adam Henrique in neutral zone.
17:28 of 3rd period - Wrist shot by Patrik Berglund.
17:28 of 3rd period - Stopped by Marc-André Fleury without a rebound.
17:29 of 3rd period - Adam Henrique wins face-off versus Patrik Berglund in Jets zone.
17:48 of 3rd period - Snap shot by Max Domi.
17:48 of 3rd period - Stopped by Christopher Gibson with a rebound.
17:50 of 3rd period - Snap shot by Jeff Schultz.
17:50 of 3rd period - Shot Misses the Net.
17:52 of 3rd period - Snap shot by Adam Henrique.
17:52 of 3rd period - Shot Blocked by Patrik Berglund.
17:54 of 3rd period - Slapshot by Max Domi.
17:54 of 3rd period - Stopped by Christopher Gibson without a rebound.
17:55 of 3rd period - Ryan Johansen wins face-off versus Eric Staal in Flames zone.
17:56 of 3rd period - Snap shot by Viktor Arvidsson.
17:56 of 3rd period - Deflect By Ryan Johansen.
17:56 of 3rd period - Shot Blocked by Esa Lindell.
17:56 of 3rd period - Puck is out of play.
17:57 of 3rd period - Eric Staal wins face-off versus Ryan Johansen in Flames zone.
17:57 of 3rd period - Eric Staal is hit by Viktor Arvidsson.
18:27 of 3rd period - Backhand shot by Brad Marchand.
18:27 of 3rd period - Shot Misses the Net.
18:31 of 3rd period - Snap shot by Patrik Berglund.
18:31 of 3rd period - Stopped by Marc-André Fleury with a rebound.
18:53 of 3rd period - Snap shot by Alexander Wennberg.
18:53 of 3rd period - Deflect By Jordan Martinook.
18:53 of 3rd period - Stopped by Christopher Gibson with a rebound.
18:55 of 3rd period - Snap shot by Alexander Wennberg.
18:55 of 3rd period - Shot Blocked by Sami Vatanen.
18:59 of 3rd period - Slapshot by Alexander Wennberg.
18:59 of 3rd period - Stopped by Christopher Gibson without a rebound.
19:00 of 3rd period - Eric Staal wins face-off versus Ryan Johansen in Flames zone.
Goals for this period are 2 for Jets vs 2 for Flames.
Shots for this period are 14 for Jets vs 15 for Flames.
Output by the SimonT Hockey Simulator (STHS) for Francois Prevost